 Dungeon Crawl Stone Soup version 0.27-a0-998-g4cfe56dd59 (webtiles) character file.

Game seed: 6116149067291233936

56 gruber the Conjurer (level 3, 0/26 HPs)
             Began as a Demigod Conjurer on Apr 16, 2021.
             Slain by a goblin
             ... wielding a +0 club
             ... led by Robin
              (4 damage)
             ... on level 2 of the Dungeon.
             The game lasted 00:02:18 (1468 turns).

gruber the Conjurer (Demigod Conjurer)              Turns: 1468, Time: 00:02:18

Health: 0/26       AC:  2    Str:  8    XL:     3   Next: 47%
Magic:  4/8        EV: 11    Int: 24    God:
Gold:   72         SH:  5    Dex: 12    Spells: 2/5 levels left

rFire    . . .     SeeInvis .   b - +0 war axe
rCold    . . .     Faith    .   g - +2 buckler
rNeg     . . .     Spirit   .   a - +0 robe
rPois    .         Reflect  .   (no helmet)
rElec    .         Harm     .   (no cloak)
rCorr    .         Rampage  .   (no gloves)
Will     .....                  (no boots)
Stlth    ++........             (no amulet)
HPRegen  0.08/turn              (no ring)
MPRegen  0.11/turn              (no ring)

@: no status effects
A: high mp 1, forlorn
a: no special abilities


You were on level 2 of the Dungeon.
You visited 1 branch of the dungeon, and saw 2 of its levels.

You collected 72 gold pieces.

Inventory:

Hand Weapons
 b - a +0 war axe (weapon)
Armour
 a - a +0 robe (worn)
 g - a +2 buckler (worn)
Scrolls
 c - a scroll of acquirement {unknown}
 d - a scroll of blinking {unknown}
Potions
 e - a potion of flight {unknown}
 f - 2 potions of haste {unknown}


   Skills:
 - Level 1.7 Dodging
 - Level 1.7 Stealth
 - Level 1.7 Spellcasting
 + Level 4.9 Conjurations


You had 2 spell levels left.
You knew the following spells:

 Your Spells              Type           Power      Damage    Failure   Level
a - Magic Dart            Conj           100%       1d8       2%          1
b - Searing Ray           Conj           52%        3d5       4%          2

Your spell library contained the following spells:

 Spells                   Type           Power      Damage    Failure   Level
 Blink                    Tloc           N/A        N/A       30%         2
 Call Imp                 Summ           2%         N/A       30%         2
 Slow                     Hex            2%         N/A       30%         2
 Conjure Flame            Conj/Fire      14%        6-21      22%         3
 Dazzling Flash           Conj/Hex       28%        N/A       22%         3
 Mephitic Cloud           Conj/Pois/Air  10%        N/A       30%         3
 Fulminant Prism          Conj/Hex       7%         3d7       58%         4
 Iskenderun's Mystic Bla  Conj/Tloc      14%        2d5       58%         4


Dungeon Overview and Level Annotations

Branches:
Dungeon (2/15)

Annotations:
D:2 Robin


Innate Abilities, Weirdness & Mutations

Your attributes grow dramatically as you level up.
You have an increased reservoir of magic. (+10% MP)
You shall have no god before yourself.


Message History

The searing ray hits the goblin!
You kill the goblin!
You finish channeling your searing ray.
The goblin shoots a stone.
You block the stone.
Unknown command.
Unknown command.
Unknown command.
A hobgoblin comes into view.
Robin roars a battlecry!
The goblins go into a battle-frenzy!
You hear a shout!
Unknown command.
You closely miss the goblin.
A goblin comes into view. It is wielding a +0 dagger.
You block the goblin's attack. Robin throws the goblin at you!
The goblin unwields a +0 hunting sling.
The goblin wields a +0 club.
The goblin hits you with a +0 club.
Unknown command.
Unknown command.
Unknown command.
Unknown command.
Unknown command.
You completely miss the goblin. You hit the goblin.
The goblin barely misses you.
A goblin comes into view. It is wielding a +0 dagger.
A hobgoblin comes into view.
The goblin closely misses you. The goblin hits you with a +0 club.
You block Robin's attack.
Unknown command.
Unknown command.
Unknown command.
You closely miss the goblin.
The goblin is moderately wounded.
The hobgoblin shouts!
You hit the goblin. You block the goblin's attack.
Robin hits you from afar with a +0 spear.
The goblin hits you with a +0 club.
* * * LOW HITPOINT WARNING * * *
The goblin hits you with a +0 club.
You die...

..............# #...# ##...
......!.......# #....#...# #...
.............(# #....#...#####...
..............# #....#.......##..
..............# #....##.#..†....>
..............# #....##.#........
...........g..# #....##.#........
...........g..###....##.#........
†.....<...g.g)gg@g...##.#........
..............###....'..+....####
..g.?.........# #...[####....#
.############## #....# #....# .
#....# ######


You could see Robin, 2 hobgoblins and 4 goblins.

Vanquished Creatures
  An adder (D:2)
  A dart slug (D:1)
  A ball python (D:2)
  5 endoplasms
  2 giant cockroaches (D:2)
  8 goblins
  2 hobgoblins (D:2)
  4 jackals (D:2)
  2 quokkas
  4 frilled lizards
  3 kobolds
  6 rats
39 creatures vanquished.

Notes
Turn   | Place    | Note
-------+----------+-------------------------------------------
     0 | D:1      | gruber the Demigod Conjurer began the quest for the Orb.
     0 | D:1      | Reached XP level 1. HP: 14/14 MP: 5/5
   347 | D:1      | Reached skill level 4 in Conjurations
   621 | D:1      | Reached XP level 2. HP: 20/20 MP: 4/7
   688 | D:1      | Learned a level 2 spell: Searing Ray
  1306 | D:2      | Reached XP level 3. HP: 16/26 MP: 5/8
  1446 | D:2      | Noticed Robin
  1468 | D:2      | Slain by a goblin

Illustrated notes

Levels and vault maps discovered:
D:1:      lightli_arrival_windingriver, layout_basic, minmay_pentomino_o4
D:2:      layout_basic, serial_shops, nicolae_shop_stone, uniq_robin

Skill      XL: |  1 |
---------------+----+-----
Conjurations   | 4 |  4.9
Dodging        | |  1.7
Stealth        | |  1.7
Spellcasting   | |  1.7

Action                   || total
-------------------------++-------
Melee: War axe           ||    21
 Cast: Magic Dart        ||    34
       Searing Ray       ||     3
Armor: Robe              ||     4
Dodge: Dodged            ||    18
Block: Buckler           ||     9

Table legend: (Time is in decaauts)
 A = Elapsed time spent in this place.
 B = Non-inter-level travel time spent in this place.
 C = Inter-level travel time spent in this place.
 D = Time resting spent in this place.
 E = Time spent auto-exploring this place.
 F = Levels seen in this place.
 G = Mean time per level.
                   A        B        C        D        E       F      G
               +--------+--------+--------+--------+--------+-----+--------+
         Total |   1479 |   1439 |     40 |      0 |   1244 |   2 |  739.5 |
       Dungeon |   1479 |   1439 |     40 |      0 |   1244 |   2 |  739.5 |
               +--------+--------+--------+--------+--------+-----+--------+

Top non-repeatable levels by time:
     D:1: 1015 daAuts
     D:2: 464 daAuts
